 Dungeon Crawl Stone Soup version 0.27.0-1-g7a089689b8 (webtiles) character file.

Game seed: 14039582665205291508

1078 gimp the Chopper (level 8, -2/105 HPs)
             Began as a Minotaur Artificer on Aug 1, 2021.
             Was a Follower of Trog.
             Shot with an arrow by a centaur (8 damage)
             ... on level 6 of the Dungeon.
             The game lasted 00:08:31 (6101 turns).

gimp the Chopper (Minotaur Artificer)               Turns: 6101, Time: 00:08:32

Health: -2/105     AC:  9    Str: 19    XL:     8   Next: 8%
Magic:  7/7        EV: 10    Int:  8    God:    Trog [*.....]
Gold:   143        SH:  0    Dex: 11    Spells: 7/7 levels left

rFire    . . .     SeeInvis .   p - +0 hand axe
rCold    . . .     Faith    .   (no shield)
rNeg     . . .     Spirit   .   w - +0 scale mail
rPois    .         Reflect  .   r - +1 hat {Stlth+}
rElec    .         Harm     .   (no cloak)
rCorr    .         Rampage  .   (no gloves)
Will     .....                  k - +0 pair of boots
Stlth    ..........             (no amulet)
HPRegen  0.27/turn              (no ring)
MPRegen  0.10/turn              (no ring)

@: berserking (expiring), lethally poisoned (-2 -> -6), slowed
A: horns 2, retaliatory headbutt
a: Renounce Religion, Berserk


You were on level 6 of the Dungeon.
You worshipped Trog.
Trog was aware of your devotion.
You visited 2 branches of the dungeon, and saw 7 of its levels.
You also visited: Sewer.

You collected 143 gold pieces.

Inventory:

Hand Weapons
 a - a +0 club
 h - a +0 trident
 p - a +0 hand axe (weapon)
Missiles
 y - 21 poisoned darts
 C - 6 curare-tipped darts
Armour
 k - a +0 pair of boots (worn)
 m - a +0 ring mail
 r - a +1 hat of stealth (worn)
 w - a +0 scale mail (worn)
Wands
 c - a wand of flame (41) (quivered)
 d - a wand of charming (15)
Scrolls
 b - 4 scrolls of identify {unknown}
 f - 4 scrolls of fear {unknown}
 g - a scroll of blinking {unknown}
 i - a scroll of fog {unknown}
 j - 3 scrolls of teleportation {unknown}
 l - a scroll of magic mapping {unknown}
 n - 2 scrolls of enchant armour {unknown}
 q - 2 scrolls of acquirement {unknown}
 u - a scroll of immolation {unknown}
 D - a scroll of enchant weapon {unknown}
Potions
 o - a potion of heal wounds {unknown}
 s - 4 potions of mutation {unknown}
 t - a potion of curing {unknown}
 v - a potion of might {unknown}
 x - 2 potions of resistance {unknown}
 z - 3 potions of haste {unknown}
 A - 2 potions of cancellation {unknown}
 B - 2 potions of degeneration {unknown}
Miscellaneous
 e - a piece from Xom's chessboard (14/15)


   Skills:
 + Level 6.0 Fighting
 * Level 7.5 Axes
 + Level 6.1 Armour
 - Level 1.1 Dodging
 - Level 0.7 Stealth
 - Level 2.6 Evocations


You had 7 spell levels left.
You didn't know any spells.
Your spell library contained the following spells:

 Spells                   Type           Power      Damage    Failure   Level
 Frozen Ramparts          Ice            0%         1d2       98%         3
 Ice Form                 Ice/Tmut       0%         N/A       100%        4
 Summon Ice Beast         Ice/Summ       0%         N/A       100%        4


Dungeon Overview and Level Annotations

Branches:
Dungeon (6/15)             Temple (1/1) D:4           Sewer (visited)

Altars:
Ashenzari
Cheibriados
Elyvilon
Kikubaaqudgha
Okawaru
Trog
Uskayaw
Yredelemnul


Innate Abilities, Weirdness & Mutations

You have a pair of horns on your head.
You reflexively headbutt those who attack you in melee.


Message History

A sky beast comes into view.
You feel very sick.
The kobold brigand hits you with a +0 dagger.
* * * LOW HITPOINT WARNING * * *
You take 5 damage, and have 17/105 hp.
You are too injured to fight recklessly!
You are too injured to fight recklessly!
You are too injured to fight recklessly!
You are too injured to fight recklessly!
You slash the kobold brigand!
The kobold brigand is heavily wounded.
You feel very sick.
The kobold brigand hits you with a +0 dagger.
* * * LOW HITPOINT WARNING * * *
You take 4 damage, and have 13/105 hp.
You slash the kobold brigand!
Your headbutt misses the kobold brigand.
The kobold brigand is almost dead.
* * * LOW HITPOINT WARNING * * *
You feel very sick. The kobold brigand closely misses you.
You take 3 damage, and have 10/105 hp.
You closely miss the kobold brigand.
The kobold brigand is almost dead.
* * * LOW HITPOINT WARNING * * *
You feel sick.
The kobold brigand hits you but does no damage.
You take 2 damage, and have 8/105 hp.
You hit the kobold brigand.
Your headbutt misses the kobold brigand.
The kobold brigand is almost dead.
You feel sick.
The kobold brigand hits you but does no damage.
You take 1 damage, and have 7/105 hp.
You slash the kobold brigand!
You kill the kobold brigand!
Trog accepts your kill.
* * * LOW HITPOINT WARNING * * *
You feel sick.
The centaur shoots an arrow.
The arrow hits you!
You die...

..#......#### ..≈
.............#.. .≈≈
..............#. ...
........#......# .. ##+
........#......# ##.##..#.
).......+......# #........
........#......# +.......(
........#......###.......#
###..<..#####'#.@)c.......
#.....# #.#.##Y......#
#.....# #.#.##.......#
###'### ###.#.##.......#
#.# #...#.##........
#.#####.###.####'#####
#.......# #.. .c #########
### .##


You could see a sky beast and a centaur.

Vanquished Creatures
  A water moccasin (D:5)
  An ice beast (D:5)
  2 ogres
  A centaur (D:5)
  3 kobold brigands
  2 wights (D:4)
  A jelly (D:5)
  A bullfrog skeleton (D:5)
  2 iguanas (D:5)
  A killer bee zombie (D:5)
  2 hound skeletons
  14 adders
  2 river rats (Sewer)
  A shadow imp (D:5)
  4 worms
  A dart slug (D:3)
  5 orcs
  5 endoplasms
  4 giant cockroaches
  8 hobgoblins
  4 jackals
  A quokka (D:4)
  10 ball pythons
  5 bats
  4 frilled lizards
  9 goblins
  11 kobolds
  10 rats
115 creatures vanquished.

Notes
Turn   | Place    | Note
-------+----------+-------------------------------------------
     0 | D:1      | gimp the Minotaur Artificer began the quest for the Orb.
     0 | D:1      | Reached XP level 1. HP: 16/16 MP: 0/0
   508 | D:1      | Reached XP level 2. HP: 21/24 MP: 1/1
  1426 | D:2      | Reached XP level 3. HP: 30/30 MP: 2/2
  1634 | D:2      | Reached skill level 1 in Axes
  2209 | D:2      | Reached skill level 2 in Axes
  2344 | D:3      | Reached XP level 4. HP: 38/38 MP: 3/3
  2931 | D:3      | Found a snail-covered altar of Cheibriados.
  3066 | D:4      | Found a staircase to the Ecumenical Temple.
  3073 | Temple   | Entered the Ecumenical Temple
  3086 | Temple   | Became a worshipper of Trog the Wrathful
  3107 | D:4      | Reached skill level 3 in Axes
  3173 | D:4      | Found a glowing drain.
  3218 | Sewer    | Entered a sewer
  3231 | Sewer    | Reached XP level 5. HP: 7/46 MP: 4/4
  3235 | Sewer    | HP: 2/46 [poisoned by an adder]
  3895 | Sewer    | Reached skill level 4 in Axes
  4046 | Sewer    | Reached XP level 6. HP: 24/53 MP: 5/5
  4399 | D:4      | Reached skill level 5 in Axes
  4847 | D:5      | Entered Level 5 of the Dungeon
  4847 | D:5      | Found a broken altar of Ashenzari.
  4853 | D:5      | Reached * piety under Trog
  5057 | D:5      | Found a basalt altar of Yredelemnul.
  5154 | D:5      | Reached skill level 5 in Armour
  5154 | D:5      | Reached XP level 7. HP: 23/57 MP: 6/6
  5337 | D:5      | Reached skill level 5 in Fighting
  5337 | D:5      | Reached skill level 6 in Axes
  5697 | D:5      | Reached skill level 7 in Axes
  5796 | D:5      | Found an iron altar of Okawaru.
  6000 | D:6      | Reached XP level 8. HP: 70/70 MP: 7/7
  6101 | D:6      | Shot with an arrow by a centaur

Illustrated notes

Levels and vault maps discovered:
D:1:      dpeg_arrival_circle_labyrinth_c, layout_basic
D:2:      layout_loops_ring, serial_glass, glass_columns_a, glass_columns_a,
          glass_columns_a, glass_columns_a, due_unseen_surprise,
          feat_on_display, chequers_avenue
D:3:      layout_basic, slow_altar_2
D:4:      layout_rooms, minmay_temple_entry_tees, gup_sewer_entry_bowl,
          grunt_ministairs_15
D:5:      minmay_diamond_boxcup, layout_basic, kennysheep_okawaru_gauntlet,
          chequers_temple_overflow_statue_of_worship, kennysheep_crisscross
D:6:      layout_basic, nicolae_wu_jian_wuxing_cycle, grunt_decor_fettered,
          nicolae_evil_shop
Temple:   regret_index_temple_sphere_string

Skill      XL: |  1  2  3  4  5  6  7 |
---------------+----------------------+-----
Fighting       | 2 3 4 6 |  6.0
Armour         | 3 4 5 6 |  6.1
Axes           | 2 3 4 5 7 |  7.5
Dodging        | |  1.1
Stealth        | |  0.7
Evocations     | |  2.6

Action                   |  1- 3 |  4- 6 |  7- 9 || total
-------------------------+-------+-------+-------++-------
Melee: Trident           |    57 |       |       ||    57
       Headbutt          |    14 |    35 |    15 ||    64
       Club              |     2 |       |       ||     2
       Hand axe          |    43 |   170 |    73 ||   286
Invok: Berserk           |       |       |     6 ||     6
Evoke: Wand              |       |     4 |     1 ||     5
       Piece from Xom's  |       |     5 |       ||     5
 Stab: Sleeping          |       |     1 |       ||     1
Armor: Leather armour    |    16 |       |       ||    16
       Ring mail         |    25 |    20 |       ||    45
       Scale mail        |       |    57 |    37 ||    94
Dodge: Dodged            |    47 |    88 |    30 ||   165
